AoeStats
← reemsauce

Arabia

510639416Analyzed
2v2 RM · 16h ago on Oct 1, 2026· 33m 38s· 4 players
Game mode
Random Map
Map size
Medium (4 player)
Population
200
Speed
Normal
Resources
Standard
Victory
Conquest
Starting age
Dark Age
Ending age
Imperial Age
RankedLock teamsTeams togetherTeam positionsShared explorationLock speedFull tech treeHidden civsTurbo modeCheats
Victory
Defeat
🇺🇸 Berbers · United States
1159
+11
🇺🇸 Hindustanis · United States
1060
+16
🇺🇸 Magyars · United States
1063
-14
🇺🇸 Mongols · United States
1037
-13
Kool Aid Kid
10:13 Feudal Age
17:12 Castle Age
16:56 Fletching
17:06 Padded Archer Armor
19:33 Horse Collar
21:36 Bloodlines
22:35 Double-Bit Axe
25:02 Forging
25:48 Scale Barding Armor
31:02 Gold Mining
32:00 Husbandry
reemsauce
10:48 Feudal Age
10:35 Loom
11:28 Double-Bit Axe
20:33 Bloodlines
23:06 Horse Collar
23:16 Double-Bit Axe
26:50 Castle Age
28:28 Fletching
29:54 Thumb Ring
31:53 Bodkin Arrow
31:47 Pikeman
Punishmant
4:49 Loom
8:49 Feudal Age
9:17 Double-Bit Axe
16:59 Castle Age
15:01 Horse Collar
15:41 Gold Mining
16:26 Forging
17:00 Bloodlines
18:05 Bow Saw
19:28 Heavy Plow
19:39 Stone Mining
22:08 Husbandry
24:51 Wheelbarrow
23:49 Light Cavalry
27:26 Iron Casting
29:46 Hand Cart
30:33 Stone Shaft Mining
31:45 Scale Mail Armor
31:50 Scale Barding Armor
36:08 Imperial Age
34:22 Chain Barding Armor
captainducksauce779
6:39 Loom
9:08 Feudal Age
10:19 Double-Bit Axe
20:08 Castle Age
18:56 Stone Mining
18:58 Gold Mining
25:38 Bloodlines
25:29 Husbandry
28:05 Scale Barding Armor
32:13 Wheelbarrow
Connection lost

Rejoining the realm…

Still unreachable

The connection could not be restored.

Session expired

The server has moved on; the page needs a fresh start.